 Dungeon Crawl Stone Soup version 0.29-a0-284-gf9362112df (webtiles) character file.

Game seed: 2182283652095359289

14 NotOkHand the Skirmisher (level 2, 0/26 HPs)
             Began as a Draconian Berserker on Mar 24, 2022.
             Was a Follower of Qazlal.
             Slain by a polar bear (21 damage)
             ... created by the rage of Trog
             ... on level 1 of the Dungeon.
             The game lasted 00:03:27 (408 turns).

NotOkHand the Skirmisher (Draconian Berserker)       Turns: 408, Time: 00:03:28

Health: 0/26       AC:  4    Str: 19    XL:     2   Next: 27%
Magic:  2/2        EV: 12    Int:  7    God:    Qazlal [*.....]
Gold:   46         SH:  1    Dex: 10    Spells: 1/1 levels left

rFire   . . .      SeeInvis .   a - +0 hand axe
rCold   . . .      Faith    .   (no shield)
rNeg    . . .      Spirit   .   (body armour unavailable)
rPois   .          Reflect  .   (helmet restricted)
rElec   .          Harm     .   (no cloak)
rCorr   .          Rampage  .   (no gloves)
Will    .....                   (no boots)
Stlth   +.........              (no amulet)
HPRegen 0.08/turn               (no ring)
MPRegen 0.08/turn               (no ring)

@: no status effects
A: AC +4, unfitting armour, cold-blooded
a: Renounce Religion


You were on level 1 of the Dungeon.
You worshipped Qazlal.
Qazlal was aware of your devotion.
You visited 1 branch of the dungeon, and saw 1 of its levels.

You collected 46 gold pieces.

Inventory:

Hand Weapons
 a - a +0 hand axe (weapon)
Armour
 c - a +0 scale mail
Scrolls
 b - a scroll of identify {unknown}


   Skills:
 + Level 3.5 Fighting
 + Level 3.3 Axes
 + Level 2.9 Dodging


You had one spell level left.
You didn't know any spells.
Your spell library was empty.

Dungeon Overview and Level Annotations

Branches:
Dungeon (1/15)

Altars:
Qazlal


Innate Abilities, Weirdness & Mutations

Your plain brown scales are hard. (AC +4)
You cannot fit into any form of body armour.
You are cold-blooded and may be slowed by cold attacks.


Message History

You kill the kobold!
Qazlal accepts your kill.
You hit the kobold.
You kill the kobold!
Qazlal accepts your kill.
Found an escape hatch in the floor.
Found a robe.
As you open the door, it creaks loudly!
Found 15 gold pieces.
Found a stone staircase leading down.
An endoplasm comes into view.
The endoplasm quivers.
There is an open door here.
Found a scale mail.
Found a worn ivory wand.
The endoplasm closely misses you.
You hit the endoplasm.
You kill the endoplasm!
Qazlal accepts your kill.
You now have 46 gold pieces (gained 15).
You see here a +0 scale mail.
c - a +0 scale mail
Found a dagger.
A rat and a goblin come into view.
Found a robe.
The goblin shouts!
A quokka comes into view.
Trog sends monsters to punish you.
A black bear and 2 polar bears come into view.
You hit the rat.
Your tail-slap misses the rat.
The rat is heavily wounded.
The rat closely misses you.
The teleport trap disappears.
The goblin disappears!
The rat attacks as you move away! The rat misses you.
You hit the rat.
You kill the rat!
Qazlal accepts your kill.
You barely miss the polar bear. You hit the polar bear.
The polar bear barely misses you. The polar bear claws you.
The polar bear closely misses you. The polar bear bites you!!
Ouch! That really hurt!
You die...

........#
......#.#
......#.#
......#.#
......#.# #######
.###'##.# .......
.# #.##.#
######.......
####.##.#
#....h.......
#.......#
#...@†.r...[.
#.......#
#..)h°h......
#....>..#
####.#.......
#.......##
#.####.#..
#........#######.#
# #
#..........##....#
#......###.##.####
#####..#/#.##.#
#..###..#.#


You could see 2 polar bears, a black bear (berserk) and a quokka.

Vanquished Creatures
  A ball python (D:1)
  An endoplasm (D:1)
  3 hobgoblins (D:1)
  4 kobolds (D:1)
  A quokka (D:1)
  A frilled lizard (D:1)
  3 rats (D:1)
14 creatures vanquished.

Vanquished Creatures (others)
  4 toadstools (D:1)
4 creatures vanquished.

Grand Total: 18 creatures vanquished

Notes
Turn   | Place    | Note
-------+----------+-------------------------------------------
     0 | D:1      | NotOkHand the Draconian Berserker began the quest for the
                  | Orb.
     0 | D:1      | Reached XP level 1. HP: 19/19 MP: 1/1
    97 | D:1      | Found a faded altar of an unknown god.
   106 | D:1      | Reached XP level 2. HP: 25/26 MP: 2/2
   243 | D:1      | Prayed at the altar of an unknown god.
   243 | D:1      | Fell from the grace of Trog
   243 | D:1      | Became a worshipper of Qazlal Stormbringer
   243 | D:1      | Reached * piety under Qazlal
   406 | D:1      | Noticed a polar bear
   406 | D:1      | Noticed a black bear
   406 | D:1      | Noticed a polar bear
   408 | D:1      | Slain by a polar bear

Illustrated notes

Levels and vault maps discovered:
D:1:      ldierk_walled_garden_2, layout_basic, ebering_ecumenical_altar_mist,
          chequers_arboretum, item_on_display_b

Action                   || total
-------------------------++-------
Melee: Hand axe          ||    32
       Tailslap          ||     2
Armor: Skin              ||    10
Dodge: Dodged            ||    30

Table legend: (Time is in decaauts)
 A = Elapsed time spent in this place.
 B = Non-inter-level travel time spent in this place.
 C = Inter-level travel time spent in this place.
 D = Time resting spent in this place.
 E = Time spent auto-exploring this place.
 F = Levels seen in this place.
 G = Mean time per level.
                   A        B        C        D        E       F      G
               +--------+--------+--------+--------+--------+-----+--------+
         Total |    412 |    225 |    187 |      0 |      0 |   1 |  412.0 |
       Dungeon |    412 |    225 |    187 |      0 |      0 |   1 |  412.0 |
               +--------+--------+--------+--------+--------+-----+--------+

Top non-repeatable levels by time:
     D:1: 412 daAuts
